 Dungeon Crawl Stone Soup version 0.30-b1-5-g8e6c1be481 (webtiles) character file.

Game seed: 325392472946542212

3169 meatpath the Cleaver (level 9, -2/85 HPs)
             Began as a Minotaur Berserker on May 4, 2023.
             Was an Elder of Trog.
             Succumbed to a water moccasin's poison
             ... on level 7 of the Dungeon.
             The game lasted 00:12:41 (6648 turns).

meatpath the Cleaver (Minotaur Berserker)           Turns: 6648, Time: 00:12:41

Health: -2/85      AC: 15    Str: 24    XL:     9   Next: 63%
Magic:  6/8        EV:  8    Int:  6    God:    Trog [****..]
Gold:   391        SH:  0    Dex: 10    Spells: 8/8 levels left

rFire   + . .        A - +2 halberd (venom)
rCold   + . .        (shield currently unavailable)
rNeg    . . .        z - +1 plate armour
rPois   .            (helmet restricted)
rElec   .            d - scarf {rC+ rF+}
rCorr   .            (no gloves)
SInv    .            (no boots)
Will    .....        h - amulet of guardian spirit Stlth
                     (no ring)
HPRegen 0.34/turn    (no ring)
MPRegen 0.11/turn

%: guardian spirit
@: lethally poisoned (-2 -> -21), on berserk cooldown, slowed, very slow
A: horns 2, retaliatory headbutt
a: Renounce Religion, Berserk, Trog's Hand, Brothers in Arms


You were on level 7 of the Dungeon.
You worshipped Trog.
Trog was greatly pleased with you.
You visited 1 branch of the dungeon, and saw 7 of its levels.

You collected 391 gold pieces.

Inventory:

Hand Weapons
 a - a +0 hand axe
 A - a +2 halberd of venom (weapon)
Missiles
 p - 2 throwing nets (quivered)
Armour
 d - a scarf of resistance (worn)
 z - a +1 plate armour (worn)
Jewellery
 h - an amulet of guardian spirit (around neck)
 i - a ring of fire
 n - a +5 ring of evasion
Wands
 b - a wand of light (11)
 k - a wand of polymorph (15)
 v - a wand of iceblast (4)
Scrolls
 c - a scroll of magic mapping {unknown}
 e - 3 scrolls of teleportation
 l - a scroll of noise
 o - 2 scrolls of enchant weapon
 r - a scroll of acquirement {unknown}
 x - a scroll of immolation {unknown}
 y - a scroll of blinking {unknown}
Potions
 f - 5 potions of berserk rage
 g - 2 potions of heal wounds
 j - 2 potions of haste {unknown}
 m - a potion of flight {unknown}
 q - a potion of cancellation {unknown}
 s - 2 potions of might {unknown}
 t - 2 potions of brilliance {unknown}
 u - a potion of mutation {unknown}
 w - a potion of degeneration {unknown}


   Skills:
 + Level 10.1 Fighting
 + Level 10.1 Axes
 + Level 9.7 Armour
 - Level 2.1 Dodging


You had 8 spell levels left.
You didn't know any spells.
Your spell library was empty.

Dungeon Overview and Level Annotations

Branches:
Dungeon (7/15)
 Temple: D:4-7

Altars:
Wu Jian


Innate Abilities, Weirdness & Mutations

You have a pair of horns on your head.
You reflexively headbutt those who attack you in melee.


Message History

You barely miss the water moccasin.
Your headbutt misses the water moccasin.
The water moccasin is severely wounded.
You feel sick. The water moccasin bites you.
You are more poisoned.
The water moccasin poisons you! The water moccasin bites you.
* * * LOW HITPOINT WARNING * * *
You are lethally poisoned!
The water moccasin poisons you!
You hit the water moccasin.
Your headbutt misses the water moccasin.
The water moccasin is almost dead.
* * * LOW HITPOINT WARNING * * *
You feel extremely sick. The water moccasin bites you.
* * * LOW HITPOINT WARNING * * *
You are more poisoned.
The water moccasin poisons you!
A red film seems to cover your vision as you go berserk!
You feel yourself moving faster!
You feel mighty!
* * * LOW HITPOINT WARNING * * *
You feel extremely sick.
You kill the water moccasin!
Trog accepts your kill.
You feel a strong urge to attack something.
* * * LOW HITPOINT WARNING * * *
You feel very sick.
You see here a water moccasin corpse.
You are too berserk!
* * * LOW HITPOINT WARNING * * *
You feel very sick.
You feel your anger nearly subside.
* * * LOW HITPOINT WARNING * * *
You feel very sick.
Things that are here:
a +0 club; a +0 spear of venom; a gnoll corpse You are no longer berserk.
You are exhausted.
You feel yourself slow down.
You die...

## .## ######### .# ..#
#.......# .# ..#######
#.......#.. #.......##
#......)#.# ###.###..###
#.......#.# .....[.)...##
#<........#
###.....##..######.#...##
#..........)).@).†...#
#.....######)###.#.#...#
###.....#
#...##.#.##......
........# #......#.#
.##... ###.....#
#..####...# # .. #
#.....# #..# #...# .
#########...# #...#
)#........## #...# ....#
##


There were no monsters in sight!

Vanquished Creatures
  Pikel (D:4)
  The ghost of zureal the Trooper, a novice MiBe of Trog (D:5)
  Eustachio (D:4)
  Edmund (D:6)
  A water moccasin (D:7)
  4 black bears
  An orc warrior (D:7)
  A sky beast (D:7)
  2 ogres
  A phantom (D:5)
  A lemure (D:4)
  Blork the orc (D:4)
  A bullfrog (D:4)
  A scorpion (D:4)
  5 wights
  4 hounds
  A jelly (D:6)
  3 orc priests
  3 iguanas
  A sleepcap (D:6)
  6 orc wizards
  13 gnolls
  5 adders
  A shadow imp (D:6)
  2 white imps
  3 worms
  3 dart slugs
  19 orcs
  5 ball pythons
  5 bats
  7 endoplasms
  3 giant cockroaches
  6 goblins
  4 hobgoblins
  5 jackals (D:2)
  13 kobolds
  5 quokkas
  2 frilled lizards (D:1)
  4 rats (D:1)
146 creatures vanquished.

Vanquished Creatures (others)
  A giant cockroach (D:1)
  A kobold (D:1)
2 creatures vanquished.

Grand Total: 148 creatures vanquished

Notes
Turn   | Place    | Note
-------+----------+-------------------------------------------
     0 | D:1      | meatpath the Minotaur Berserker began the quest for the
                  | Orb.
     0 | D:1      | Reached XP level 1. HP: 19/19 MP: 0/0
   234 | D:1      | Reached XP level 2. HP: 25/27 MP: 1/1
   923 | D:2      | Reached XP level 3. HP: 18/33 MP: 2/2
  1025 | D:2      | Reached ** piety under Trog
  1791 | D:3      | Reached XP level 4. HP: 30/41 MP: 3/3
  2510 | D:3      | Reached skill level 5 in Axes
  2510 | D:3      | Reached XP level 5. HP: 39/47 MP: 2/4
  2910 | D:4      | Noticed Blork the orc
  2910 | D:4      | Noticed an ogre
  2920 | D:4      | Reached skill level 5 in Fighting
  3055 | D:4      | Killed an ogre
  3056 | D:4      | Reached XP level 6. HP: 44/56 MP: 3/5
  3121 | D:4      | Killed Blork the orc
  3122 | D:4      | Reached skill level 5 in Armour
  3450 | D:4      | Reached *** piety under Trog
  3529 | D:4      | Reached XP level 7. HP: 42/63 MP: 6/6
  3811 | D:4      | Noticed Eustachio
  3833 | D:4      | Killed Eustachio
  4112 | D:5      | Entered Level 5 of the Dungeon
  4112 | D:5      | Noticed Pikel
  4124 | D:4      | Killed Pikel
  4125 | D:4      | Reached XP level 8. HP: 73/73 MP: 2/7
  4362 | D:5      | Found an ornate altar of the Wu Jian Council.
  4919 | D:5      | Noticed zureal's ghost (novice MiBe)
  4923 | D:5      | Found a runed translucent door.
  5212 | D:5      | Killed zureal's ghost
  5425 | D:5      | Reached XP level 9. HP: 74/82 MP: 6/8
  5559 | D:6      | Noticed Edmund
  5580 | D:6      | Killed Edmund
  6343 | D:7      | Reached **** piety under Trog
  6369 | D:7      | Identified the +1 long sword "Titaihy" {flame, rElec rPois
                  | Will+ Int-4}
  6483 | D:7      | Reached skill level 10 in Fighting
  6483 | D:7      | Reached skill level 10 in Axes
  6646 | D:7      | HP: 5/127 [poisoned by a water moccasin]
  6647 | D:7      | HP: 2/127 [poisoned by a water moccasin]
  6648 | D:7      | Succumbed to a water moccasin's poison

Illustrated notes

Levels and vault maps discovered:
D:1:      minmay_arrival_four_houses, layout_loops_ring, lemuel_flame_loot_1
D:2:      layout_basic, nicolae_figureground_sparkle
D:3:      layout_loops_ring, amethyst_killhole
D:4:      layout_basic, nrook_mini_vaults, minmay_misc_feat_room,
          uniq_blork_the_orc, uniq_eustachio
D:5:      layout_gridville, nzn_wu_jian_council_hall,
          hellmonk_ghost_happy_afterlife, uniq_pikel
D:6:      layout_rooms, kennysheep_generic_room_6, uniq_edmund
D:7:      layout_rooms, minmay_temple_entry_proselytizer

Skill      XL: |  1  2  3  4  5  6  7  8  9 |
---------------+----------------------------+-----
Fighting       | 4 5 6 7 8 10 | 10.1
Axes           | 4 5 6 7 8 10 | 10.1
Armour         | 3 4 5 7 8 9 |  9.7
Dodging        | |  2.1

Action                     |  1- 3 |  4- 6 |  7- 9 || total
---------------------------+-------+-------+-------++-------
  Melee: Hand axe          |   105 |    90 |   249 ||   444
         Headbutt          |    16 |    13 |    49 ||    78
         Punch             |       |     1 |     7 ||     8
         Halberd           |       |       |    13 ||    13
 Invoke: Berserk           |       |     3 |     6 ||     9
    Use: Scroll            |     1 |     1 |     6 ||     8
 Armour: Animal skin       |     5 |       |       ||     5
         Ring mail         |    12 |    17 |     4 ||    33
         Plate armour      |       |       |   110 ||   110
  Dodge: Dodged            |    69 |    48 |    84 ||   201
